Map: [ESL] Hard Lead

Players

Oliveira

  • Race: Terran Terran
  • Spawn Location: 5:00

Astrea - Winner!

  • Race: Protoss Protoss
  • Spawn Location: 11:00

Event: ESL SC2 Masters 2023 Winter (Finals)

VOD

Have the link to the VOD?

Description

Time

  • Played on: Dec. 16, 2023, 12:44 p.m.
  • Length: 4:14

All games in this series

Show
View Real Time Build Order
Export as new Build Order

Oliveira Terran 

Build Orders:  

Get SALT Encoding   

  12  0:00  SCV  
  13  0:12  SCV  
  14  0:17  Supply Depot  
  14  0:24  SCV  
  15  0:38  SCV  
  15  0:39  Barracks  
  16  0:44  Refinery  
  16  0:50  SCV  
  16  0:55  Refinery  
  17  1:03  SCV  
  18  1:15  SCV  
  19  1:27  Orbital Command, Reaper  
  19  1:29  Supply Depot  
  20  1:41  Factory  
  20  1:53  SCV  
  21  1:59  Barracks Reactor  
  21  2:06  SCV  
  22  2:16  Command Center  
  22  2:18  SCV  
  23  2:27  Hellion  
  25  2:32  SCV  
  25  2:34  Supply Depot  
  25  2:36  Reaper x2  
  28  2:45  SCV  
  28  2:49  Widow Mine  
  31  2:54  Barracks  
  31  2:57  SCV  
  32  3:08  Marine x2  
  32  3:09  SCV  
  35  3:15  Factory Tech Lab  
  35  3:21  SCV  
  35  3:26  Marine  
  38  3:28  Cyclone  
  38  3:30  Engineering Bay  
  39  3:41  Marine  
  36  4:01  Missile Turret  
  34  4:12  Missile Turret  
Show
View Real Time Build Order
Export as new Build Order

Astrea Protoss - Winner!

Build Orders: Proxy Void Ray 

Get SALT Encoding   

  12  0:00  Probe  
  13  0:12  Pylon  
  13  0:17  Probe  
  14  0:29  Probe (Chrono Boost)  
  14  0:32  Gateway  
  15  0:41  Probe (Chrono Boost)  
  15  0:42  Assimilator  
  16  0:46  Probe (Chrono Boost)  
  17  0:50  Assimilator  
  17  0:55  Probe  
  18  1:07  Probe  
  19  1:19  Cybernetics Core, Probe  
  19  1:23  Pylon  
  20  1:31  Zealot (Chrono Boost), Probe  
  23  1:43  Probe  
  24  1:55  Adept (Chrono Boost)  
  24  1:56  Stargate  
  24  1:57  Probe  
  24  2:00  Warp Gate  
  27  2:12  Pylon  
  27  2:18  Adept  
  29  2:30  Shield Battery  
  29  2:43  Void Ray (Chrono Boost)  
  33  2:57  Gateway  
  31  3:16  Void Ray (Chrono Boost), Shield Battery, Pylon  
  35  3:22  Shield Battery  
  33  3:28  Shield Battery  
  33  3:36  Pylon  
  37  3:59  Stalker  
Tags
 
Add a new tag
Caveats
  • Supply blocks, unpowered buildings, or Contaminate may cause inaccurate times.
  • Supply counts are checked every 10 seconds.